 Dungeon Crawl Stone Soup version 0.23-a0-488-g5fd82c5 (webtiles) character file.

60 MalarOregon the Poker (level 4, -2/34 HPs)
             Began as a Merfolk Gladiator on Dec 1, 2018.
             Slain by a wight
             ... wielding a +0 halberd
              (7 damage)
             ... on level 1 of the Dungeon.
             The game lasted 00:02:02 (969 turns).

MalarOregon the Poker (Merfolk Gladiator)            Turns: 969, Time: 00:02:03

Health: -2/34      AC:  4    Str: 14    XL:     4   Next: 4%
Magic:  4/4        EV: 19    Int:  8    God:
Gold:   27         SH:  0    Dex: 20    Spells: 3/3 levels left

rFire    . . .     SeeInvis .   a - +0 trident
rCold    . . .     Gourm    .   (no shield)
rNeg     . . .     Faith    .   b - +0 leather armour
rPois    .         Spirit   .   c - +0 helmet
rElec    .         Reflect  .   (no cloak)
rCorr    .         Harm     .   (no gloves)
MR       .....                  (no boots)
Stlth    +++.......             f - amulet of inaccuracy (curse)
HPRegen  0.11/turn              (no ring)
MPRegen  0.09/turn              (no ring)

@: agile, about to teleport, drained
A: change form in water, swift swim, stealthy swim
a: no special abilities


You were on level 1 of the Dungeon.
You were not hungry.

You visited 1 branch of the dungeon, and saw 2 of its levels.

You collected 27 gold pieces.

Inventory:

Hand Weapons
 a - a +0 trident (weapon)
Missiles
 d - 3 throwing nets (quivered) {!f}
 n - 68 stones
Armour
 b - a +0 leather armour (worn)
 c - a +0 helmet (worn)
Jewellery
 f - a cursed amulet of inaccuracy (around neck)
   (You found it on level 1 of the Dungeon)
 o - an uncursed amulet of the gourmand {unknown}
   (You found it on level 1 of the Dungeon)
Scrolls
 k - a scroll of identify {@r1}
Comestibles
 e - 2 rations {!d}


   Skills:
 + Level 2.8(2.5) Fighting
 * Level 5.6(5.2) Polearms
 + Level 2.5(2.2) Throwing
 + Level 4.5(4.2) Dodging


You had 3 spell levels left.
You didn't know any spells.
Your spell library was empty.

Dungeon Overview and Level Annotations

Branches:
Dungeon (2/15)

Altars:


Message History

Unknown command.
Unknown command.
Okay, then.
It was a potion of flight.
You feel very buoyant.
You fly up into the air.
The kobold hits you.
* * * LOW HITPOINT WARNING * * *
The gnoll barely misses you. The gnoll misses you.
Unknown command.
It was a potion of cancellation.
Your magical effects are unravelling.
You feel magically purged.
You float gracefully downwards.
The wight misses you. The kobold misses you.
The gnoll hits you but does no damage. The gnoll misses you.
It was a potion of curing.
You feel better.
The wight hits you from afar with a +0 halberd.
* * * LOW HITPOINT WARNING * * *
The kobold closely misses you. The gnoll hits you with a +0 spear.
* * * LOW HITPOINT WARNING * * *
The gnoll hits you but does no damage.
It was a potion of agility.
You feel agile all of a sudden. The kobold completely misses you.
The gnoll barely misses you. The wight completely misses you.
The gnoll closely misses you.
You hit the gnoll but do no damage. The kobold misses you.
The gnoll closely misses you. The wight closely misses you.
The gnoll misses you.
You barely miss the gnoll. The kobold misses you. The gnoll misses you.
The wight misses you. The gnoll hits you with a +0 club.
* * * LOW HITPOINT WARNING * * *
You hit the gnoll. The kobold hits you but does no damage.
The gnoll misses you. The wight closely misses you.
The gnoll hits you with a +0 club.
* * * LOW HITPOINT WARNING * * *
As you read the scroll labeled RASAIL TACHEIH, it crumbles to dust.
It is a scroll of identify.
l - a scroll of teleportation The kobold closely misses you.
The gnoll closely misses you.
As you read the scroll of teleportation {@r4}, it crumbles to dust.
You feel strangely unstable. The gnoll misses you. The wight misses you.
The kobold barely misses you. The gnoll hits you but does no damage.
Unknown command.
As you read the scroll labeled QUUQUO ZEELE, it crumbles to dust.
You assume a fearsome visage.
The gnoll looks frightened!
The kobold looks frightened!
The gnoll looks frightened!
The wight is unaffected.
The wight is unaffected.
It was a scroll of fear.
The wight hits you from afar with a +0 halberd!
You die...

≈...≈#.≈######
≈)#.≈#.≈# ≈.#.≈#8≈#
≈.#.≈#.≈##
..#..'...#
..#..'...#
≈.#.≈#.≈.#
≈.#.≈#8≈.##########
≈.#.≈#.≈......zg@g#
≈...≈#.≈##.######K#
≈≈≈≈≈#8≈##.#### #z#
######.≈......# #.#
....8..≈##.##.###.#
≈≈≈≈≈≈≈≈##........#
.############.#####
.# #.......# +##
#.##.##.#


You could see 2 wights, 2 gnolls and a kobold (fleeing).

Vanquished Creatures
  A wight (D:1)
  A dart slug (D:1)
  2 bats (D:1)
  A giant cockroach (D:1)
  A hobgoblin (D:1)
  2 jackals (D:1)
  A frilled lizard (D:1)
  A goblin (D:1)
  3 kobolds (D:1)
  A rat (D:1)
14 creatures vanquished.

Notes
Turn   | Place    | Note
-------+----------+-------------------------------------------
     0 | D:1      | MalarOregon the Merfolk Gladiator began the quest for the
                  | Orb.
     0 | D:1      | Reached XP level 1. HP: 16/16 MP: 1/1
   144 | D:1      | Reached XP level 2. HP: 23/23 MP: 2/2
   735 | D:2      | Noticed a wight
   735 | D:2      | Noticed a wight
   735 | D:2      | Noticed a wight
   755 | D:1      | Killed a wight
   755 | D:1      | Reached skill level 5 in Polearms
   755 | D:1      | Reached XP level 3. HP: 9/28 MP: 3/3
   755 | D:1      | Reached XP level 4. HP: 11/34 MP: 4/4
   969 | D:1      | Slain by a wight

Vault maps used:
D:1:      lightli_arrival_isolated_outpost, minmay_box_of_dots
D:2:      grunt_temple_overflow_open, serial_forest,
          infiniplex_forest_straight_1, infiniplex_forest_lined_corner,
          infiniplex_forest_straight_3, infiniplex_forest_lined_room_2,
          infiniplex_forest_clump_large, infiniplex_forest_end_3, uniq_jessica

Skill      XL: |  1  2 |
---------------+-------+-----
Polearms       | 5 |  5.6
Fighting       | |  2.8
Throwing       | |  2.5
Dodging        | |  4.5

Action                   |  1- 3 |  4- 6 || total
-------------------------+-------+-------++-------
Melee: Trident           |    66 |     3 ||    69
  Use: Potion            |       |     4 ||     4
       Scroll            |       |     3 ||     3
 Stab: Sleeping          |     2 |       ||     2
Armor: Leather armour    |     9 |     4 ||    13
Dodge: Dodged            |    35 |    29 ||    64

Table legend:
 A = Non-vault XP
 B = Vault XP
 C = Vault XP percentage of total XP
 D = Non-vault monster count
 E = Vault monster count
 F = Vault count percentage of total count
                 A         B        C        D         E       F
            +---------+---------+-------+---------+---------+-------
      Total |      84 |       2 |   2.3 |      13 |       1 |   7.1
            +---------+---------+-------+---------+---------+-------
        D:1 |      84 |       2 |   2.3 |      13 |       1 |   7.1
            +---------+---------+-------+---------+---------+-------
